 Dungeon Crawl Stone Soup version 0.21-a0-39-g28ea6b7 (webtiles) character file.

294 TheGoonsmith the Cudgeler (level 6, 0/33 HPs)
             Began as a Vine Stalker Berserker on May 31, 2017.
             Was a Believer of Trog.
             Killed from afar by an orc wizard (8 damage)
             ... with a puff of flame
             ... on level 4 of the Dungeon.
             The game lasted 00:04:05 (2745 turns).

TheGoonsmith the Cudgeler (Vine Stalker Berserker)  Turns: 2745, Time: 00:04:06

Health: 0/33       AC: 15    Str: 21    XL:     6   Next: 34%
Magic:  0/7        EV:  6    Int:  7    God:    Trog [**....]
Gold:   179        SH:  0    Dex: 14    Spells: 5/5 levels left

rFire    . . .     SeeInvis .   y - +0 flail
rCold    . . .     Gourm    .   (no shield)
rNeg     . . .     Faith    .   u - +0 plate armour
rPois    .         Spirit   +   v - +0 helmet (curse)
rElec    .         Reflect  .   (no cloak)
rCorr    .         Harm     .   A - +1 pair of gloves
MR       ++...                  r - +0 pair of boots
Stlth    ..........             (no amulet)
Regen    1.6/turn               (no ring)
MPRegen  0.1/turn               (no ring)

@: berserk cooldown, regenerating, slowed, very slow
A: fangs 2, regeneration 1, magic shield, antimagic bite, no potion heal 3, rot
immunity
a: Berserk, Trog's Hand, Burn Spellbooks, Renounce Religion


You were on level 4 of the Dungeon.
You worshipped Trog.
Trog was pleased with you.
You were very hungry.

You visited 1 branch of the dungeon, and saw 4 of its levels.

You collected 179 gold pieces.

Inventory:

Hand Weapons
 a - a +0 mace
 y - a +0 flail (weapon)
Armour
 b - a +0 animal skin
 h - a +0 pair of gloves
 r - a +0 pair of boots (worn)
 u - a +0 plate armour (worn)
 v - a cursed +0 helmet (worn)
 A - a +1 pair of gloves (worn)
Jewellery
 d - an uncursed amulet of magic regeneration {unknown}
 t - a +5 ring of strength {unknown}
 x - a cursed ring of loudness {unknown}
Wands
 j - a wand of iceblast (4/15)
Scrolls
 e - 3 scrolls of identify {unknown}
 f - a scroll of remove curse {unknown}
 i - 2 scrolls of noise {unknown}
 k - a scroll of magic mapping {unknown}
 n - a scroll of fog {unknown}
 o - a scroll of random uselessness {unknown}
 p - a scroll of enchant armour {unknown}
 z - a scroll of immolation {unknown}
Potions
 l - a potion of invisibility {unknown}
 m - 2 potions of flight {unknown}
 q - 2 potions of curing {unknown}
 s - a potion of magic {unknown}
 w - a potion of agility {unknown}
Comestibles
 c - 2 bread rations
 g - 2 royal jellies
 B - 3 chunks of flesh


   Skills:
 + Level 4.1 Fighting
 * Level 5.2 Maces & Flails
 - Level 2.0 Armour
 - Level 1.5 Dodging


You had 5 spell levels left.
You didn't know any spells.

Dungeon Overview and Level Annotations

Branches:
Dungeon (4/15)
 Temple: D:4-7

Altars:
Ashenzari
Cheibriados
Gozag
Kikubaaqudgha
Ru
The Shining One


Innate Abilities, Weirdness & Mutations

You have extremely sharp teeth.
Your natural rate of healing is unusually fast.
When hurt, damage is shared between your health and your magic reserves.
Your bite disrupts and absorbs the magic of your enemies.
Potions cannot restore your health.
You are immune to rotting.


Message History

The orc wizard casts a spell.
The orc wizard flickers and vanishes!
Something hits you but does no damage.
An orc comes into view. It is wielding a trident.
Things that are here:
a dagger; a robe; an orc corpse Unknown command.
You feel less confused. Something hits you but does no damage.
Your skin crawls.
You feel resistant to hostile enchantments.
You feel somewhat more hungry.
You hear some strange, mumbled words.
A puff of flame appears from out of thin air!
The puff of flame hits you!
* * * LOW HITPOINT WARNING * * *
Something hits you but does no damage.
You hear some strange, mumbled words.
A puff of flame appears from out of thin air!
The puff of flame hits you!
You die...

.....### #.##...##.#####
.....# #.#..........).
##.### #.#..........#
.....# #.#.#.......>##
.....#####..............
......................#
.....#######.##.......#
.....#######.###.###..#
.............#..@.$#
##############.#.###
#.._{.# ###.#.# #$.o..#
###.### #.# #.# #/.


You could see an orc.

Vanquished Creatures
  An ogre (D:4)
  2 orc priests (D:4)
  An orc wizard (D:4)
  A worker ant (D:4)
  An adder (D:2)
  4 worms
  A dart slug (D:1)
  A leopard gecko (D:1)
  5 orcs
  4 bats (D:1)
  5 giant cockroaches
  8 goblins
  11 hobgoblins
  6 jackals
  4 kobolds
  5 frilled lizards
  7 rats
67 creatures vanquished.

Notes
Turn   | Place    | Note
-------+----------+-------------------------------------------
     0 | D:1      | TheGoonsmith the Vine Stalker Berserker began the quest for the Orb.
     0 | D:1      | Reached XP level 1. HP: 11/11 MP: 2/2
    65 | D:1      | Reached XP level 2. HP: 14/16 MP: 1/3
    68 | D:1      | Reached skill level 3 in Maces & Flails
   342 | D:1      | Reached XP level 3. HP: 11/20 MP: 2/4
   484 | D:1      | Reached ** piety under Trog
  1332 | D:2      | Gained mutation: Your natural rate of healing is unusually fast. [Vine Stalker growth]
  1332 | D:2      | Reached XP level 4. HP: 13/24 MP: 5/5
  1444 | D:2      | Reached skill level 4 in Maces & Flails
  1987 | D:3      | Found a sacrificial altar of Ru.
  2266 | D:3      | Found a glowing golden altar of the Shining One.
  2266 | D:3      | Found a snail-covered altar of Cheibriados.
  2267 | D:3      | Found a shattered altar of Ashenzari.
  2269 | D:3      | Found an ancient bone altar of Kikubaaqudgha.
  2571 | D:4      | Noticed an ogre
  2577 | D:4      | Killed an ogre
  2577 | D:4      | Reached XP level 5. HP: 29/29 MP: 6/6
  2717 | D:4      | Found an opulent altar of Gozag.
  2729 | D:4      | Reached skill level 5 in Maces & Flails
  2729 | D:4      | Reached XP level 6. HP: 29/33 MP: 5/7
  2745 | D:4      | Killed from afar by an orc wizard

Vault maps used:
D:1:      lemuel_arrival_room
D:3:      minitemple
D:4:      nicolae_gozag_cash_rules_everything_around_me

Skill      XL: |  1  2  3  4  5  6 |
---------------+-------------------+-----
Maces & Flails | 3 4 5 |  5.2
Fighting       | 3 4 |  4.1
Armour         | 2 |  2.0
Dodging        | |  1.5

Action                   |  1- 3 |  4- 6 || total
-------------------------+-------+-------++-------
Melee: Mace              |   105 |    31 ||   136
       Bite              |    29 |    21 ||    50
       Flail             |       |    33 ||    33
Invok: Berserk           |     1 |     2 ||     3
       Trog's Hand       |       |     1 ||     1
 Stab: Sleeping          |     2 |     1 ||     3
  Eat: Chunk             |     2 |     2 ||     4
       Fruit             |       |     4 ||     4
Armor: Animal skin       |    23 |     2 ||    25
       Plate armour      |       |    34 ||    34
Dodge: Dodged            |    76 |    21 ||    97
